 Dungeon Crawl Stone Soup version 0.17-a0-1504-gb7d9117 (webtiles) character file.

79 Parakulo the Scratcher (level 4, -6/21 HPs)
             Began as a Felid Monk on July 7, 2015.
             Mangled by a worm (11 damage)
             ... on level 3 of the Dungeon.
             The game lasted 00:10:16 (3469 turns).

Parakulo the Scratcher (Felid Monk)                 Turns: 3469, Time: 00:10:16

Health: -6/21      AC:  1    Str:  7    XL:     4   Next: 16%
Magic:  5/5        EV: 21    Int: 12    God:
Gold:   134        SH:  0    Dex: 19    Spells: 0 memorised, 3 levels left
                                        Lives:  0   Deaths: 1

rFire  + + .     SeeInvis +       - Unarmed
rCold  . . .     Clarity  .     (armour unavailable)
rNeg   . . .     SustAt   .     (shield unavailable)
rPois  .         Gourm    .     (helmet unavailable)
rElec  .         Spirit   .     (cloak unavailable)
rCorr  .         Warding  .     (gloves unavailable)
rMut   .         Stasis   .     (boots unavailable)
MR     .....                    (no amulet)
Stlth  ++++......               (no ring)
                                (no ring)

@: quick, not resistant to hostile enchantments, stealthy
A: no armour, no weapons or thrown items, claws 1, fangs 3, see invisible,
carnivore 3, fire resistance 2, speed 1, shaggy fur 1, slow metabolism 1,
subdued magic 1, sharp paws
a: no special abilities


You were on level 3 of the Dungeon.
You were not hungry.

You visited 1 branch of the dungeon, and saw 4 of its levels.

You collected 134 gold pieces.

Inventory:

Jewellery
 f - an uncursed ring of positive energy
Magical devices
 c - a wand of fireball (6)
Scrolls
 b - 2 scrolls of identify
 e - a scroll of amnesia {unknown}
Potions
 d - 2 potions of lignification
 h - a potion of curing
 i - a potion of agility {unknown}
Comestibles
 a - a meat ration
 g - 2 chunks of flesh
 j - 2 beef jerkies


   Skills:
 + Level 3.5 Fighting
 + Level 5.0 Dodging
 + Level 4.2 Stealth
 + Level 5.2 Unarmed Combat


You had 3 spell levels left.
You didn't know any spells.

Dungeon Overview and Level Annotations

Branches:
Dungeon (4/15)
 Temple: D:4-7

Altars:
Vehumet

Annotations:
D:3 ololoev's ghost, average FoAM
D:4 Xoff's ghost, average GrFi


Innate Abilities, Weirdness & Mutations

You cannot wear armour.
You are incapable of wielding weapons or throwing items.
You have sharp claws.
You have razor-sharp teeth.
You have supernaturally acute eyesight.
You are carnivorous and can eat meat at any time.
You cover ground quickly.
You are covered in fur (AC +1).
You have a slow metabolism.
Your sharp claws are effective at attacking unaware monsters.
Your flesh is very heat resistant.
Your spells are a little easier to cast, but a little less powerful.


Message History

You scratch the worm.
The worm is moderately wounded.
You scratch the worm. Your bite misses the worm.
The worm is heavily wounded.
The worm bites you!
* * * LOW HITPOINT WARNING * * *
You are too injured to fight recklessly!
You are too injured to fight recklessly!
You are too injured to fight recklessly!
You are too injured to fight recklessly!
You barely miss the worm.
The worm is moderately wounded.
The worm completely misses you.
You barely miss the worm.
The worm is moderately wounded.
You claw the worm! You bite the worm.
The worm is almost dead.
The worm bites you!
Ouch! That really hurt!
You die...

###....# # # ##.#.##
#. .# ## # # #....#
#< .. .. # # ###..# #
#.#.# .# # # #..# #.
#.#.#..# # # #.>#
#.###.#.#..## # #
#.W###...........
#.###
######W..........w#.#
##.... ......#.##
##.#.@...# ..####
#####W#.####.....####
#.# #
###>...........# #.#
# #.....####...#.#
#.# # #.##### ##.##.#
#######.#### # #.#
#.##.# ............ #
#.# #..#.#
######.#### # #.#
##.#.# #.# # #.#
#.#.# ###.#


You could see a worm.

Vanquished Creatures
  Terence (D:2)
  An iguana (D:3)
  A worker ant (D:4)
  4 gnolls (D:3)
  An ooze (D:1)
  An orc (D:3)
  4 bats
  A giant cockroach (D:3)
  6 goblins
  6 hobgoblins
  2 jackals (D:2)
  A quokka (D:2)
  2 giant newts (D:2)
  3 kobolds
  6 rats
40 creatures vanquished.

Notes
Turn   | Place    | Note
--------------------------------------------------------------
     0 | D:1      | Parakulo the Felid Monk began the quest for the Orb.
     0 | D:1      | Reached XP level 1. HP: 10/10 MP: 2/2
   441 | D:1      | Reached XP level 2. HP: 14/14 MP: 3/3
   846 | D:2      | Found a radiant altar of Vehumet.
   848 | D:2      | Noticed Terence
   855 | D:2      | Gained mutation: Your spells are a little easier to cast, but a little less powerful. [potion of mutation]
   855 | D:2      | Gained mutation: Your flesh is heat resistant. [potion of mutation]
   855 | D:2      | Gained mutation: Your flesh is very heat resistant. [potion of mutation]
   871 | D:2      | Killed Terence
   871 | D:2      | Reached XP level 3. HP: 17/17 MP: 4/4
  2257 | D:3      | Reached XP level 4. HP: 3/21 MP: 5/5
  2518 | D:3      | Noticed ololoev's ghost (average FoAM)
  2642 | D:4      | Noticed Xoff's ghost (average GrFi)
  3072 | D:4      | Reached skill level 5 in Unarmed Combat
  3340 | D:3      | Reached XP level 5. HP: 17/24 MP: 6/6
  3371 | D:3      | Reached skill level 5 in Dodging
  3374 | D:3      | Slain by a gnoll
  3375 | D:3      | Reached XP level 4. HP: 0/21 MP: 5/5
  3469 | D:3      | Mangled by a worm

Vault maps used:
D:1:      eino_arrival_tree_alley
D:2:      vehumet_crystals, uniq_terence
D:4:      zin_academy, first_bread, okawaru_ov_weapons_minmay

Action                   |  1- 3 |  4- 6 || total
-------------------------+-------+-------++-------
Melee: Unarmed           |    77 |    48 ||   125
  Use: Potion            |     6 |     2 ||     8
       Scroll            |     5 |       ||     5
 Stab: Sleeping          |    10 |     2 ||    12
  Eat: Chunk             |    10 |     2 ||    12
